 Dungeon Crawl Stone Soup version 0.20-a0-269-g17f5411 (webtiles) character file.

116 FitzyFitz the Vexing (level 4, -1/24 HPs)
             Began as a Deep Elf Enchanter on Dec 8, 2016.
             Slain by a black bear (3 damage)
             ... on level 3 of the Dungeon.
             The game lasted 00:08:54 (4092 turns).

FitzyFitz the Vexing (Deep Elf Enchanter)           Turns: 4092, Time: 00:08:55

Health: -1/24      AC:  5    Str:  5    XL:     4   Next: 69%
Magic:  2/10       EV: 13    Int: 21    God:
Gold:   199        SH:  0    Dex: 15    Spells: 0/9 levels left

rFire  . . .     SeeInvis .     a - +1 dagger
rCold  . . .     Gourm    .     r - +1 robe
rNeg   + . .     Faith    .     (no shield)
rPois  .         Spirit   .     o - +1 helmet
rElec  .         Reflect  .     (no cloak)
rCorr  .         Harm     .     (no gloves)
MR     .....                    (no boots)
Stlth  ++........               (no amulet)
                                (no ring)
                                n - ring of positive energy

@: no status effects
A: no striking features
a: no special abilities


You were on level 3 of the Dungeon.
You were not hungry.

You visited 1 branch of the dungeon, and saw 3 of its levels.

You collected 199 gold pieces.

Inventory:

Hand Weapons
 a - a +1 dagger (weapon)
 b - a +0 short sword of protection
Missiles
 j - 43 stones (quivered)
 q - 22 arrows
Armour
 o - a +1 helmet (worn)
 r - a +1 robe (worn)
Jewellery
 n - a ring of positive energy (left hand)
Scrolls
 e - 2 scrolls of teleportation {unknown}
 g - 2 scrolls of identify {unknown}
 h - a scroll of fear {unknown}
 i - a scroll of recharging {unknown}
 k - 3 scrolls of remove curse {unknown}
 m - a scroll of amnesia {unknown}
Potions
 p - a potion of haste {unknown}
 t - a potion of heal wounds {unknown}
Books
 c - a book of Maledictions

   Spells                             Type                      Level
   a - Corona                         Hexes                        1
   b - Ensorcelled Hibernation        Hexes/Ice                    2
   c - Confuse                        Hexes                        3
   d - Tukima's Dance                 Hexes                        3
   e - Dazzling Spray                 Conjuration/Hexes            3
 s - a book of Cantrips

   Spells                             Type                      Level
   a - Confusing Touch                Hexes                        1
   b - Animate Skeleton               Necromancy                   1
   c - Summon Small Mammal            Summoning                    1
   d - Apportation                    Translocation                1
Comestibles
 d - 2 bread rations
 f - a royal jelly
 l - a meat ration


   Skills:
 - Level 1.0 Short Blades
 - Level 2.4 Dodging
 - Level 3.6 Stealth
 - Level 3.0 Spellcasting
 + Level 7.0 Hexes
 - Level 1.0 Ice Magic


You couldn't memorise any spells.
You knew the following spells:

 Your Spells              Type           Power        Failure   Level  Hunger
a - Corona                Hex            ####...      1%          1    None
b - Ensorcelled Hibernat  Hex/Ice        ###...       4%          2    ##.....
c - Confuse               Hex            ####....     2%          3    ###....
d - Tukima's Dance        Hex            ####....     2%          3    ###....


Dungeon Overview and Level Annotations

Branches:
Dungeon (3/15)

Altars:


Message History

The black bear is almost dead.
The black bear goes berserk!
Casting: Ensorcelled Hibernation
Confirm with . or Enter, or press ? or * to list all spells.
Aiming: Confuse
Press: ? - help, Shift-Dir - straight line, f/p - black bear
Aim: a black bear (almost dead, berserk, fast, unusually strong, chance to defeat MR: 61%)
The black bear resists with significant effort.
The black bear barely misses you. The black bear claws you.
The black bear closely misses you. The black bear bites you!
The black bear closely misses you. The black bear claws you.
Casting: Confuse
Confirm with . or Enter, or press ? or * to list all spells.
Aiming: Confuse
Press: ? - help, Shift-Dir - straight line, f/p - black bear
Aim: a black bear (almost dead, berserk, fast, unusually strong, chance to defeat MR: 61%)
The black bear appears confused.
The black bear bites you!
* * * LOW HITPOINT WARNING * * *
The black bear barely misses you. The black bear claws you.
You die...

#...<...##
###..#.....#
####...##...#
#####......#...#
#..............#
###.###....###.###
#...# #....#.†.#
#.### #......#####
##.# ###....@h..#
#..# #..#####.#
#.## #...# ###.#
#...## #...# #..##
..### #...# ..###
#.#.#
....#####...#
###### .##.......#
#....#


You could see a black bear (berserk).

Vanquished Creatures
  Robin (D:2)
  An adder (D:3)
  2 worms (D:2)
  6 dart slugs
  A leopard gecko (D:2)
  7 bats
  4 giant cockroaches
  16 goblins
  11 hobgoblins
  5 jackals
  6 kobolds
  5 frilled lizards
  5 rats
70 creatures vanquished.

Notes
Turn   | Place    | Note
-------+----------+-------------------------------------------
     0 | D:1      | FitzyFitz the Deep Elf Enchanter began the quest for the Orb.
     0 | D:1      | Reached XP level 1. HP: 10/10 MP: 6/6
   292 | D:1      | Reached XP level 2. HP: 2/15 MP: 6/8
   593 | D:1      | Reached skill level 5 in Hexes
   706 | D:1      | Learned a level 2 spell: Ensorcelled Hibernation
  1311 | D:1      | Reached XP level 3. HP: 19/19 MP: 6/9
  1817 | D:1      | Learned a level 3 spell: Confuse
  1991 | D:1      | Reached skill level 6 in Hexes
  2618 | D:2      | Noticed Robin
  3231 | D:2      | Killed Robin
  3231 | D:2      | Reached XP level 4. HP: 16/24 MP: 7/10
  3578 | D:2      | Learned a level 3 spell: Tukima's Dance
  3668 | D:2      | Reached skill level 1 in Ice Magic
  4074 | D:3      | Noticed a black bear
  4084 | D:3      | Reached skill level 7 in Hexes
  4092 | D:3      | Slain by a black bear

Vault maps used:
D:1:      onia_arrival_pyramid, serial_co_window_serial, co_window_paths_b,
          co_window_corner_a, co_window_paths_a, co_window_paths_a,
          co_window_paths_b, co_window_broadway_b, co_window_broadway_b,
          co_window_corner_ca, co_window_unsneaky_path_d, co_window_corner_b,
          co_window_of_opportunity_b, co_window_unsneaky_path_d,
          co_window_paths_e, co_window_sun, glass_columns_b, glass_columns_a,
          minmay_misc_feat_five
D:2:      uniq_robin
D:3:      first_bread

Skill      XL: |  1  2  3  4 |
---------------+-------------+-----
Hexes          | 5 6 7 |  7.0
Ice Magic      | 1 |  1.0
Short Blades   | |  1.0
Dodging        | |  2.4
Stealth        | |  3.6
Spellcasting   | |  3.0

Action                   |  1- 3 |  4- 6 || total
-------------------------+-------+-------++-------
Melee: Dagger            |   229 |    50 ||   279
       Short sword       |       |    14 ||    14
Throw: Stone             |     2 |     6 ||     8
 Cast: Corona            |     8 |       ||     8
       Ensorcelled Hiber |    25 |     9 ||    34
       Confuse           |       |     2 ||     2
  Use: Potion            |     1 |     1 ||     2
 Stab: Sleeping          |    17 |    10 ||    27
  Eat: Chunk             |     7 |     3 ||    10
       Pizza             |     1 |       ||     1
Armor: Robe              |    70 |     9 ||    79
       Skin              |     5 |     9 ||    14
Dodge: Dodged            |   189 |    28 ||   217
